 Dungeon Crawl Stone Soup version 0.30.0-10-gfe55d96785 (webtiles) character file.

Game seed: 13716320972149456398

508 Danienth the Magician (level 6, -1/33 HPs)
             Began as a Deep Elf Necromancer on May 14, 2023.
             Was an Initiate of Yredelemnul.
             Slain by an ice beast (8 damage)
             ... on level 5 of the Dungeon.
             The game lasted 00:20:50 (3055 turns).

Danienth the Magician (Deep Elf Necromancer)        Turns: 3055, Time: 00:20:52

Health: -1/33      AC:  4    Str:  7    XL:     6   Next: 98%
Magic:  20/27      EV: 13    Int: 20    God:    Yredelemnul [......]
Gold:   164        SH:  0    Dex: 15    Spells: 11/20 levels left

rFire   . . .        j - +2 hand axe (vamp)
rCold   . . .        (no shield)
rNeg    . . .        a - +1 robe
rPois   .            (no helmet)
rElec   .            c - +0 cloak
rCorr   .            (no gloves)
SInv    .            (no boots)
Will    .....        (no amulet)
Stlth   ++           o - +4 ring of slaying
HPRegen 0.25/turn    p - ring of magical power
MPRegen 0.20/turn

%: no passive effects
@: no status effects
A: no striking features
a: Renounce Religion, Recall Undead Harvest


You were on level 5 of the Dungeon.
You worshipped Yredelemnul.
Yredelemnul was noncommittal.
You visited 1 branch of the dungeon, and saw 4 of its levels.

You collected 164 gold pieces.

Inventory:

Hand Weapons
 d - a +2 short sword of venom
 f - a +4 halberd
 j - a +2 vampiric hand axe (weapon)
 q - a +1 hand axe of flaming
Missiles
 e - 13 poisoned darts
Armour
 a - a +1 robe (worn)
 c - a +0 cloak (worn)
 k - a +0 tower shield
Jewellery
 l - an amulet of regeneration
 o - a +4 ring of slaying (left hand)
 p - a ring of magical power (right hand)
 s - a ring of flight
Scrolls
 h - a scroll of enchant armour
 n - 2 scrolls of teleportation
 t - a scroll of vulnerability
Potions
 b - a potion of magic


   Skills:
 + Level 0.4 Fighting
 + Level 0.3 Axes
 + Level 2.9 Dodging
 + Level 2.5 Stealth
 + Level 7.8 Spellcasting
 + Level 7.1 Necromancy


You had 11 spell levels left.
You knew the following spells:

 Your Spells              Type           Power      Damage    Failure   Level
a - Necrotise             Necr           100%       1d9       1%          1
b - Vampiric Draining     Necr           36%        2d8       1%          3
c - Agony                 Necr           36%        N/A       13%         5

Your spell library contained the following spells:

 Spells                   Type           Power      Damage    Failure   Level
 Vhi's Electric Charge    Tloc/Air       14%        N/A       26%         3
 Arcjolt                  Conj/Air       3%         1d13      94%         5
 Maxwell's Capacitive Co  Air            3%         ∞         100%        8
 Animate Dead             Necr           Unusable   N/A       N/A         4

Dungeon Overview and Level Annotations

Branches:
Dungeon (5/15)             Temple (0/1) D:5

Altars:
Trog
Yredelemnul


Message History

Something hits you.
You hit something. You hit the ice beast but do no damage. Something hits you.
The ice beast misses you.
You hit the ice beast.
You feel better.
You punch the ice beast.
The ice beast is lightly wounded.
You hit something.
Reactivating autopickup.
You feel a bit more experienced.
The ice beast hits you but does no damage.
You closely miss the orc. You hit the ice beast.
You feel better. The orc hits you with a +0 whip. The ice beast misses you.
You hit the ice beast but do no damage.
The ice beast is moderately wounded.
You hit the orc.
You feel better. The orc hits you with a +0 whip.
The ice beast barely misses you.
Your orc priest zombie hits the ice beast.
The orc hits you with a +0 whip. The ice beast hits you.
The ice beast freezes you!
* * * LOW HITPOINT WARNING * * *
You feel much better. The orc hits you with a +0 whip.
Your orc priest zombie hits the ice beast but does no damage.
The ice beast closely misses you.
You hit the ice beast but do no damage.
The ice beast is heavily wounded.
You hit the orc.
You feel better.
You kill the orc!
The dead are walking!
The ice beast hits you. The ice beast freezes you!
Your orc priest zombie hits the ice beast.
You slash the ice beast!
The ice beast is severely wounded.
The ice beast misses you.
Your orc priest zombie hits the ice beast but does no damage.
Your orc zombie hits the ice beast.
You closely miss the ice beast.
The ice beast is severely wounded.
The ice beast hits you.
* * * LOW HITPOINT WARNING * * *
The ice beast freezes you!
You die...
Your body rises from the dead as a mindless zombie.

###########
#.@)......#
####.#Y#####.
##.....ZZ..#
#........##.#
#.#.##.#.##.#
#.#.##.#.##.#
#....#.#.##Z#
#....#.#.##Z#
#.
##........Z.#
#.#


You could see an ice beast (ally target), a friendly orc zombie and a friendly
orc priest zombie.

Vanquished Creatures
  A wight (D:3)
  A gnoll bouda (D:5)
  2 orc priests (D:5)
  Terence (D:2)
  An orc wizard (D:5)
  Robin (D:3)
  3 gnolls (D:5)
  2 adders
  A shadow imp (D:5)
  A worm (D:3)
  A dart slug (D:1)
  6 orcs
  2 bats
  5 endoplasms
  A giant cockroach (D:1)
  7 goblins
  7 hobgoblins
  4 jackals (D:3)
  2 quokkas
  3 ball pythons
  3 frilled lizards
  2 kobolds (D:2)
  2 rats
59 creatures vanquished.

Vanquished Creatures (collateral kills)
  A black bear (D:5)
  An ogre (D:5)
  An adder (D:2)
  A worm (D:2)
  A dart slug (D:2)
  2 goblins
  A frilled lizard (D:2)
  A kobold (D:1)
  2 rats (D:3)
11 creatures vanquished.

Vanquished Creatures (others)
  An ogre zombie (D:5)
  An adder zombie (D:2)
  A spectral shadow imp (D:5)
  3 bat zombies
  A ball python zombie (D:2)
  2 endoplasm zombies (D:3)
  A frilled lizard zombie (D:3)
  2 gnoll zombies (D:5)
  2 goblin zombies
  A jackal zombie (D:3)
  A kobold zombie (D:2)
  An orc zombie (D:3)
  2 quokka zombies
  A rat zombie (D:3)
20 creatures vanquished.

Grand Total: 90 creatures vanquished

Notes
Turn   | Place    | Note
-------+----------+-------------------------------------------
     0 | D:1      | Danienth the Deep Elf Necromancer began the quest for the
                  | Orb.
     0 | D:1      | Reached XP level 1. HP: 10/10 MP: 6/6
    95 | D:1      | Reached skill level 5 in Necromancy
   113 | D:1      | Found a faded altar of an unknown god.
   169 | D:1      | Prayed at the altar of an unknown god.
   169 | D:1      | Became a worshipper of Yredelemnul the Dark
   169 | D:1      | Reached * piety under Yredelemnul
   335 | D:1      | Reached XP level 2. HP: 15/15 MP: 6/8
   994 | D:2      | Reached XP level 3. HP: 18/19 MP: 1/10
  1276 | D:2      | Noticed Terence
  1298 | D:2      | Killed Terence
  1299 | D:2      | Reached XP level 4. HP: 24/24 MP: 7/12
  1978 | D:3      | Found a bloodstained altar of Trog.
  2090 | D:3      | Reached skill level 5 in Spellcasting
  2096 | D:3      | Reached ** piety under Yredelemnul
  2177 | D:3      | Reached XP level 5. HP: 28/28 MP: 15/15
  2243 | D:3      | Noticed Robin
  2255 | D:3      | Killed Robin
  2400 | D:3      | You fall into a shaft and drop 2 floors!
  2400 | D:5      | Entered Level 5 of the Dungeon
  2478 | D:5      | Noticed a black bear
  2492 | D:5      | Killed a black bear
  2493 | D:5      | Reached XP level 6. HP: 6/32 MP: 17/17
  2650 | D:5      | Found a staircase to the Ecumenical Temple.
  2879 | D:5      | Learned a level 3 spell: Vampiric Draining
  2885 | D:5      | Learned a level 5 spell: Agony
  3028 | D:5      | Noticed an ice beast
  3055 | D:5      | Slain by an ice beast

Illustrated notes

Levels and vault maps discovered:
D:1:      lemuel_arrival_tunnels, layout_loops_ring,
          ebering_ecumenical_altar_petrified
D:2:      layout_basic, minivault_24, uniq_terence
D:3:      kb_forest_paths, layout_basic, mainiacjoe_overflow_24_doors,
          uniq_robin
D:5:      layout_basic, minmay_temple_entry_glassed_door,
          kennysheep_generic_room_9

Skill      XL: |  1  2  3  4  5  6 |
---------------+-------------------+-----
Necromancy     | 5 6 7 |  7.1
Spellcasting   | 4 5 6 7 |  7.8
Fighting       | |  0.4
Axes           | |  0.3
Dodging        | |  2.9
Stealth        | |  2.5

Action                     |  1- 3 |  4- 6 || total
---------------------------+-------+-------++-------
  Melee: Hand axe          |       |    21 ||    21
         Punch             |       |     1 ||     1
   Cast: Necrotise         |    49 |    93 ||   142
    Use: Scroll            |       |     6 ||     6
         Potion            |       |     9 ||     9
 Armour: Robe              |     2 |    15 ||    17
  Dodge: Dodged            |     2 |    31 ||    33
